Boston Bruins vs Chicago Black Hawks
Created - Saturday, November 18, 2023 at 06:30
Goals
|
| Boston Bruins |
0 |
1 |
0 |
1 |
| Chicago Black Hawks |
1 |
4 |
1 |
6 |
|
Shots
|
| Boston Bruins |
7 |
14 |
14 |
35 |
| Chicago Black Hawks |
13 |
13 |
17 |
43 |
|
1st period
1. Chicago Black Hawks , Frederick Gaudreau 7 (Cole Perfetti 10) at 1:21
Penalties :
Charlie McAvoy (BOS) for Hooking (Minor) at 7:20
2nd period
2. Chicago Black Hawks , Vincent Trocheck 26 (Patrice Bergeron 35) at 0:59
3. Chicago Black Hawks , Patrice Bergeron 28 (Kevin Fiala 42, Brent Burns 19) at 1:15
4. Boston Bruins , Samuel Girard 4 (Mathieu Olivier 9, Sean Durzi 19) at 15:52
5. Chicago Black Hawks , Morgan Frost 16 (Michael Rasmussen 14) at 19:20
6. Chicago Black Hawks , Bo Horvat 24 (Morgan Rielly 13, Barrett Hayton 26) at 19:32
Penalties :
Brent Burns (CHI) for Holding (Minor) at 3:54, Brandon Hagel (BOS) for Holding (Minor) at 4:10, Kevin Fiala (CHI) for Interference (Minor) at 12:04
3rd period
7. Chicago Black Hawks , Brent Burns 6 (Seth Jones 27, Kevin Fiala 43) at 5:34 (PP)
Penalties :
Mathieu Olivier (BOS) for Hooking (Minor) at 1:51, Tyson Barrie (BOS) for Hooking (Minor) at 5:24, Joonas Donskoi (BOS) for Hooking (Minor) at 7:56
Goalie Stats
Leevi Merilainen (BOS), 37 saves from 43 shots - (0.860), L, 7-10-3, 60:00 minutes
Thatcher Demko (CHI), 34 saves from 35 shots - (0.971), W, 23-15-5, 60:00 minutes
Players Stats for Boston Bruins
Player Name G A P +/- PIM S H SB GA TA FO MP PP MP PK MP
------------------------------------------------------------------------------------
Anthony Beauvillier 0 0 0 -2 0 3 1 2 0 1 2/4 19:13 1:19 2:47
Brandon Hagel 0 0 0 -2 2 2 1 0 0 2 1/2 18:47 1:18 3:08
Charlie McAvoy 0 0 0 -1 2 3 1 1 1 0 0/0 22:14 1:05 2:04
Dylan Gambrell 0 0 0 0 0 0 1 1 0 0 0/3 8:29 0:00 0:00
Joe Veleno 0 0 0 -2 0 2 2 0 0 0 7/15 13:26 0:00 0:39
Joel Farabee 0 0 0 0 0 4 1 1 1 1 0/2 15:06 0:56 0:00
John-Jason Peterka 0 0 0 -2 0 4 1 1 0 0 0/4 13:49 0:00 0:00
Joonas Donskoi 0 0 0 0 2 0 0 0 0 0 0/0 8:28 0:00 0:00
Mathieu Olivier 0 1 1 0 2 1 0 0 0 0 0/0 8:28 0:00 0:00
Matt Grzelcyk 0 0 0 -1 0 2 0 0 1 0 0/0 13:46 0:00 0:00
Nicholas Merkley 0 0 0 -2 0 3 3 1 0 0 0/2 13:05 0:00 0:16
Pavel Zacha 0 0 0 -2 0 3 0 0 1 0 5/18 19:45 1:19 3:08
Phil Kessel 0 0 0 0 0 1 0 2 0 0 1/1 18:20 0:56 2:36
Ryan Donato 0 0 0 0 0 1 1 0 0 0 4/11 14:54 0:56 0:12
Samuel Girard 1 0 1 -2 0 2 2 0 1 2 0/0 22:55 1:10 3:15
Sean Durzi 0 1 1 -2 0 0 2 3 1 3 0/0 22:55 1:10 3:27
Tyson Barrie 0 0 0 -1 2 3 2 2 0 1 0/0 23:16 1:05 3:08
Victor Mete 0 0 0 -1 0 1 0 0 0 1 0/0 14:53 0:00 0:52
Players Stats for Chicago Black Hawks
Player Name G A P +/- PIM S H SB GA TA FO MP PP MP PK MP
------------------------------------------------------------------------------------
Barrett Hayton 0 1 1 1 0 4 2 0 2 0 1/1 17:59 2:41 0:00
Bo Horvat 1 0 1 1 0 5 3 0 0 1 18/24 17:47 2:57 0:07
Brent Burns 1 1 2 1 2 3 1 1 0 0 0/0 21:45 3:41 0:42
Cal Clutterbuck 0 0 0 0 0 1 1 0 0 0 1/1 11:54 0:00 1:03
Christopher Tanev 0 0 0 2 0 0 1 0 0 0 0/0 17:55 0:00 0:58
Cole Perfetti 0 1 1 1 0 0 1 0 0 0 1/1 8:49 0:00 0:00
Devon Toews 0 0 0 1 0 1 2 0 0 1 0/0 17:56 0:41 0:00
Frederick Gaudreau 1 0 1 1 0 2 0 0 0 0 2/3 12:51 3:11 1:03
Jaden Schwartz 0 0 0 1 0 0 1 2 0 0 0/1 14:29 0:00 0:00
Kevin Fiala 0 2 2 2 2 1 2 0 4 1 2/5 19:07 2:57 0:00
Michael Rasmussen 0 1 1 0 0 2 1 0 0 0 0/1 12:32 0:28 1:09
Morgan Frost 1 0 1 0 0 9 2 1 0 0 4/6 12:36 0:44 0:00
Morgan Rielly 0 1 1 1 0 2 1 0 1 0 0/0 20:37 3:02 1:17
Patrice Bergeron 1 1 2 2 0 4 0 0 1 0 11/17 19:11 2:34 1:08
Seth Jones 0 1 1 1 0 3 1 0 1 1 0/0 22:49 3:21 1:17
Shane Pinto 0 0 0 1 0 0 0 0 0 0 0/0 9:37 0:42 0:00
Travis Sanheim 0 0 0 2 0 1 1 4 0 2 0/0 19:00 2:04 0:16
Vincent Trocheck 1 0 1 2 0 5 4 0 2 0 2/2 19:06 2:52 0:00
3 Stars
1 - Thatcher Demko (CHI)
2 - Patrice Bergeron (CHI)
3 - Vincent Trocheck (CHI)
Power Play
Boston Bruins - 0 on 2 Attempt(s) - 0.00%
Chicago Black Hawks - 1 on 5 Attempt(s) - 20.00%
Penalty Kill
Boston Bruins - 4 on 5 Attempt(s) - 80.00%
- Score 0 goal in Penalty Kill
Chicago Black Hawks - 2 on 2 Attempt(s) - 100.00%
- Score 0 goal in Penalty Kill
Team Stat
Boston Bruins - Hits : 18 - Faceoff Wins : 20 - Blocked Shots : 14 - Penalty Minutes : 10
Chicago Black Hawks - Hits : 24 - Faceoff Wins : 42 - Blocked Shots : 8 - Penalty Minutes : 4
Official
Referees : Jean Hebert and Mark Lemelin
Linesman : John Grandt and Brad Lazarowich
Game Notes
No Game Note
Finance
Level 1 -- Attendance: 4793 (79.88%) -- Ticket Income $479,300
Level 2 -- Attendance: 3475 (69.50%) -- Ticket Income $208,500
Level 3 -- Attendance: 2508 (83.60%) -- Ticket Income $87,780
Level 4 -- Attendance: 3834 (76.68%) -- Ticket Income $95,850
Luxury Box -- Attendance: 737 (73.70%) -- Ticket Income $147,400
Game was played at the United Center.
Total Attendance: 15347 (76.74%)
Total Ticket Income: $1,018,830
Other Income: $356,590
Total Income: $1,375,420
Boston Bruins
5 vs 5 Forward
Center Left Wing Right Wing Time % Phy DF OF
1 Pavel Zacha Brandon Hagel Anthony Beauvillier 30 1 2 2
2 Ryan Donato Joel Farabee Phil Kessel 30 1 2 2
3 Joe Veleno John-Jason Peterka Nicholas Merkley 25 1 2 2
4 Dylan Gambrell Joonas Donskoi Mathieu Olivier 15 1 2 2
5 vs 5 Defense
Defense Defense Time % Phy DF OF
1 Charlie McAvoy Tyson Barrie 35 1 2 2
2 Sean Durzi Samuel Girard 35 1 2 2
3 Matt Grzelcyk Victor Mete 30 1 2 2
4 Charlie McAvoy Tyson Barrie 0 1 2 2
PowerPlay Forward
Center Left Wing Right Wing Time % Phy DF OF
1 Pavel Zacha Brandon Hagel Anthony Beauvillier 50 1 2 2
2 Ryan Donato Joel Farabee Phil Kessel 50 1 2 2
PowerPlay Defense
Defense Defense Time % Phy DF OF
1 Charlie McAvoy Tyson Barrie 50 1 2 2
2 Sean Durzi Samuel Girard 50 1 2 2
Penalty Kill 4 Players Forward
Center Wing Time % Phy DF OF
1 Brandon Hagel Pavel Zacha 50 1 2 2
2 Anthony Beauvillier Phil Kessel 50 1 2 2
Penalty Kill 4 Players Defense
Defense Defense Time % Phy DF OF
1 Charlie McAvoy Tyson Barrie 50 1 2 2
2 Sean Durzi Samuel Girard 50 1 2 2
Penalty Kill - 3 Players Forward
Forward Time % Phy DF OF
1 Brandon Hagel 50 1 2 2
2 Pavel Zacha 50 1 2 2
Penalty Kill - 3 Players Defense
Defense Defense Time % Phy DF OF
1 Charlie McAvoy Tyson Barrie 50 1 2 2
2 Sean Durzi Samuel Girard 50 1 2 2
4 vs 4 Forward
Center Wing Time % Phy DF OF
1 Brandon Hagel Pavel Zacha 50 1 2 2
2 Anthony Beauvillier Phil Kessel 50 1 2 2
4 vs 4 Defense
Defense Defense Time % Phy DF OF
1 Charlie McAvoy Tyson Barrie 50 1 2 2
2 Sean Durzi Samuel Girard 50 1 2 2
Last Minutes Offensive
Center Left Wing Right Wing Defense Defense
Pavel Zacha Brandon Hagel Anthony Beauvillier Charlie McAvoy Tyson Barrie
Last Minutes Defensive
Center Left Wing Right Wing Defense Defense
Pavel Zacha Brandon Hagel Anthony Beauvillier Charlie McAvoy Tyson Barrie
Goaltenders
Starting : Leevi Merilainen
Backup : Kyle Keyser
Extra Forwards
Normal : John-Jason Peterka, Nicholas Merkley, Joe Veleno - PP : John-Jason Peterka, Nicholas Merkley - PK : Joe Veleno
Extra Defensemen
Normal : Matt Grzelcyk, Victor Mete, Sean Durzi - PP : Matt Grzelcyk - PK : Victor Mete, Sean Durzi
Penalty Shots
Brandon Hagel, Pavel Zacha, Anthony Beauvillier, Phil Kessel, Joel Farabee
Chicago Black Hawks
5 vs 5 Forward
Center Left Wing Right Wing Time % Phy DF OF
1 Patrice Bergeron Kevin Fiala Vincent Trocheck 30 1 2 2
2 Bo Horvat Barrett Hayton Jaden Schwartz 30 1 2 2
3 Morgan Frost Michael Rasmussen Cal Clutterbuck 25 1 2 2
4 Frederick Gaudreau Cole Perfetti Shane Pinto 15 1 2 2
5 vs 5 Defense
Defense Defense Time % Phy DF OF
1 Brent Burns Seth Jones 35 0 3 2
2 Morgan Rielly Devon Toews 35 0 3 2
3 Christopher Tanev Travis Sanheim 30 0 3 2
4 Brent Burns Seth Jones 0 0 4 1
PowerPlay Forward
Center Left Wing Right Wing Time % Phy DF OF
1 Bo Horvat Kevin Fiala Vincent Trocheck 50 0 0 5
2 Patrice Bergeron Barrett Hayton Frederick Gaudreau 50 0 0 5
PowerPlay Defense
Defense Defense Time % Phy DF OF
1 Brent Burns Seth Jones 50 0 0 5
2 Morgan Rielly Travis Sanheim 50 0 0 5
Penalty Kill 4 Players Forward
Center Wing Time % Phy DF OF
1 Frederick Gaudreau Cal Clutterbuck 50 0 5 0
2 Patrice Bergeron Michael Rasmussen 50 0 5 0
Penalty Kill 4 Players Defense
Defense Defense Time % Phy DF OF
1 Brent Burns Christopher Tanev 50 0 5 0
2 Seth Jones Morgan Rielly 50 0 5 0
Penalty Kill - 3 Players Forward
Forward Time % Phy DF OF
1 Frederick Gaudreau 50 0 5 0
2 Bo Horvat 50 0 5 0
Penalty Kill - 3 Players Defense
Defense Defense Time % Phy DF OF
1 Seth Jones Brent Burns 50 0 5 0
2 Christopher Tanev Devon Toews 50 0 5 0
4 vs 4 Forward
Center Wing Time % Phy DF OF
1 Vincent Trocheck Morgan Frost 50 1 2 2
2 Barrett Hayton Kevin Fiala 50 1 2 2
4 vs 4 Defense
Defense Defense Time % Phy DF OF
1 Brent Burns Travis Sanheim 50 0 3 2
2 Devon Toews Seth Jones 50 0 3 2
Last Minutes Offensive
Center Left Wing Right Wing Defense Defense
Patrice Bergeron Kevin Fiala Vincent Trocheck Brent Burns Seth Jones
Last Minutes Defensive
Center Left Wing Right Wing Defense Defense
Bo Horvat Michael Rasmussen Frederick Gaudreau Brent Burns Seth Jones
Goaltenders
Starting : Thatcher Demko
Backup : Jordan Binnington
Extra Forwards
Normal : Shane Pinto, Morgan Frost, Bo Horvat - PP : Shane Pinto, Morgan Frost - PK : Bo Horvat
Extra Defensemen
Normal : Christopher Tanev, Travis Sanheim, Morgan Rielly - PP : Christopher Tanev - PK : Travis Sanheim, Brent Burns
Penalty Shots
Frederick Gaudreau, Devon Toews, Barrett Hayton, Brent Burns, Bo Horvat
% Time on Ice - Boston Bruins
Lines # - Real PCT - Wanted PCT - Time Play
Normal Forward
1 - 29% - 30% - 14:21
2 - 29% - 30% - 14:19
3 - 25% - 25% - 12:30
4 - 17% - 15% - 8:29
Normal Defense
1 - 33% - 35% - 16:29
2 - 35% - 35% - 17:24
3 - 28% - 30% - 13:42
4 - 4% - 0% - 2:04
PP Forward
1 - 59% - 50% - 1:19
2 - 41% - 50% - 0:56
PP Defense
1 - 48% - 50% - 1:05
2 - 52% - 50% - 1:10
PK Forward
1 - 53% - 50% - 3:24
2 - 47% - 50% - 2:59
PK Defense
1 - 49% - 50% - 3:08
2 - 51% - 50% - 3:15
PK3 Forward
1 - 0% - 50%
2 - 0% - 50%
PK3 Defense
1 - 0% - 50%
2 - 0% - 50%
44 Forward
1 - 63% - 50% - 1:05
2 - 37% - 50% - 0:38
44 Defense
1 - 35% - 50% - 0:36
2 - 65% - 50% - 1:07
Last Minute Offensive - 0:00
Last Minute Defensive - 0:00
Total
Forward - 60:00
Defense - 60:00
|
% Time on Ice - Chicago Black Hawks
Lines # - Real PCT - Wanted PCT - Time Play
Normal Forward
1 - 31% - 30% - 15:25
2 - 29% - 30% - 14:34
3 - 22% - 25% - 10:51
4 - 18% - 15% - 8:49
Normal Defense
1 - 35% - 35% - 17:23
2 - 34% - 35% - 16:46
3 - 31% - 30% - 15:30
4 - 0% - 0% - 0:00
PP Forward
1 - 49% - 50% - 3:09
2 - 51% - 50% - 3:14
PP Defense
1 - 53% - 50% - 3:24
2 - 47% - 50% - 2:59
PK Forward
1 - 47% - 50% - 1:03
2 - 53% - 50% - 1:12
PK Defense
1 - 43% - 50% - 0:58
2 - 57% - 50% - 1:17
PK3 Forward
1 - 0% - 50%
2 - 0% - 50%
PK3 Defense
1 - 0% - 50%
2 - 0% - 50%
44 Forward
1 - 53% - 50% - 0:55
2 - 47% - 50% - 0:48
44 Defense
1 - 57% - 50% - 0:59
2 - 43% - 50% - 0:44
Last Minute Offensive - 0:00
Last Minute Defensive - 0:00
Total
Forward - 60:00
Defense - 60:00
|
Play-by-Play
1st period
0:01 of 1st period - Patrice Bergeron wins face-off versus Pavel Zacha in neutral zone.
0:17 of 1st period - Icing by Tyson Barrie.
0:18 of 1st period - Bo Horvat wins face-off versus Brandon Hagel in Boston Bruins zone.
1:09 of 1st period - Travis Sanheim is hit by Joe Veleno and loses puck.
1:13 of 1st period - Icing by Christopher Tanev.
1:14 of 1st period - Frederick Gaudreau wins face-off versus Dylan Gambrell in Chicago Black Hawks zone.
1:21 of 1st period - Slapshot by Frederick Gaudreau.
1:21 of 1st period - Goal by Frederick Gaudreau - Boston Bruins : 0 - Chicago Black Hawks : 1.
1:22 of 1st period - Patrice Bergeron wins face-off versus Ryan Donato in neutral zone.
1:37 of 1st period - Slapshot by Joel Farabee.
1:37 of 1st period - Stopped by Thatcher Demko with a rebound.
1:44 of 1st period - Icing by Seth Jones.
1:45 of 1st period - Joe Veleno wins face-off versus Patrice Bergeron in Chicago Black Hawks zone.
1:46 of 1st period - Snap shot by John-Jason Peterka.
1:46 of 1st period - Shot Misses the Net.
2:19 of 1st period - Slapshot by Barrett Hayton.
2:19 of 1st period - Shot Misses the Net.
2:21 of 1st period - Slapshot by Brent Burns.
2:21 of 1st period - Deflect By Jaden Schwartz.
2:21 of 1st period - Shot Blocked by Dylan Gambrell.
2:21 of 1st period - Puck is out of play.
2:22 of 1st period - Morgan Frost wins face-off versus Joel Farabee in Boston Bruins zone.
2:47 of 1st period - Victor Mete is hit by Christopher Tanev and loses puck.
2:54 of 1st period - Shane Pinto is hit by Charlie McAvoy and loses puck.
3:05 of 1st period - Wrist shot by Joel Farabee.
3:05 of 1st period - Shot Hit the Post.
4:06 of 1st period - Snap shot by Ryan Donato.
4:06 of 1st period - Shot Misses the Net.
4:52 of 1st period - Wrist shot by Frederick Gaudreau.
4:52 of 1st period - Deflect By Shane Pinto.
4:52 of 1st period - Shot Blocked by Phil Kessel.
4:52 of 1st period - Puck is out of play.
4:53 of 1st period - Bo Horvat wins face-off versus Pavel Zacha in Boston Bruins zone.
4:56 of 1st period - Wrist shot by Bo Horvat.
4:56 of 1st period - Stopped by Leevi Merilainen without a rebound.
4:57 of 1st period - Pavel Zacha wins face-off versus Jaden Schwartz in Boston Bruins zone.
5:45 of 1st period - Off-side.
5:46 of 1st period - Bo Horvat wins face-off versus Dylan Gambrell in neutral zone.
5:59 of 1st period - Snap shot by Bo Horvat.
5:59 of 1st period - Stopped by Leevi Merilainen with a rebound.
7:20 of 1st period - Minor Penalty to Charlie McAvoy for Hooking.
7:21 of 1st period - Brandon Hagel wins face-off versus Bo Horvat in Boston Bruins zone.
9:04 of 1st period - Brandon Hagel is hit by Vincent Trocheck and loses puck.
9:20 of 1st period - Penalty to Charlie McAvoy is over, Charlie McAvoy is back on ice.
9:21 of 1st period - Anthony Beauvillier is hit by Morgan Frost and loses puck.
10:23 of 1st period - Seth Jones is hit by Sean Durzi and loses puck.
11:08 of 1st period - Charlie McAvoy is hit by Morgan Frost and loses puck.
11:40 of 1st period - Slapshot by Joel Farabee.
11:40 of 1st period - Shot Misses the Net.
12:21 of 1st period - Samuel Girard is hit by Morgan Rielly and loses puck.
12:46 of 1st period - Victor Mete is hit by Vincent Trocheck and loses puck.
13:56 of 1st period - Wrist shot by Joel Farabee.
13:56 of 1st period - Stopped by Thatcher Demko with a rebound.
14:28 of 1st period - Barrett Hayton is hit by Nicholas Merkley.
15:01 of 1st period - Snap shot by Joel Farabee.
15:01 of 1st period - Shot Misses the Net.
15:03 of 1st period - Snap shot by Joel Farabee.
15:03 of 1st period - Stopped by Thatcher Demko without a rebound.
15:04 of 1st period - Patrice Bergeron wins face-off versus John-Jason Peterka in Chicago Black Hawks zone.
15:16 of 1st period - Samuel Girard is hit by Kevin Fiala and loses puck.
15:37 of 1st period - Wrist shot by Barrett Hayton.
15:37 of 1st period - Stopped by Leevi Merilainen without a rebound.
15:38 of 1st period - Bo Horvat wins face-off versus Pavel Zacha in Boston Bruins zone.
15:49 of 1st period - Wrist shot by Pavel Zacha.
15:49 of 1st period - Stopped by Thatcher Demko with a rebound.
15:51 of 1st period - Wrist shot by Pavel Zacha.
15:51 of 1st period - Shot Blocked by Brent Burns.
15:53 of 1st period - Wrist shot by Pavel Zacha.
15:53 of 1st period - Deflect By Anthony Beauvillier.
15:53 of 1st period - Stopped by Thatcher Demko with a rebound.
16:12 of 1st period - Wrist shot by Barrett Hayton.
16:12 of 1st period - Stopped by Leevi Merilainen with a rebound.
16:14 of 1st period - Slapshot by Bo Horvat.
16:14 of 1st period - Stopped by Leevi Merilainen without a rebound.
16:15 of 1st period - Pavel Zacha wins face-off versus Kevin Fiala in Boston Bruins zone.
16:22 of 1st period - Snap shot by Pavel Zacha.
16:22 of 1st period - Stopped by Thatcher Demko with a rebound.
16:41 of 1st period - Michael Rasmussen is hit by Nicholas Merkley and loses puck.
17:32 of 1st period - Snap shot by Vincent Trocheck.
17:32 of 1st period - Shot Misses the Net.
17:47 of 1st period - Snap shot by Morgan Frost.
17:47 of 1st period - Stopped by Leevi Merilainen without a rebound.
17:48 of 1st period - Morgan Frost wins face-off versus Pavel Zacha in Boston Bruins zone.
17:49 of 1st period - Wrist shot by Michael Rasmussen.
17:49 of 1st period - Stopped by Leevi Merilainen with a rebound.
17:51 of 1st period - Snap shot by Cal Clutterbuck.
17:51 of 1st period - Stopped by Leevi Merilainen with a rebound.
17:53 of 1st period - Slapshot by Travis Sanheim.
17:53 of 1st period - Shot Misses the Net.
17:57 of 1st period - Snap shot by Morgan Frost.
17:57 of 1st period - Stopped by Leevi Merilainen with a rebound.
18:36 of 1st period - Snap shot by Pavel Zacha.
18:36 of 1st period - Shot Misses the Net.
18:42 of 1st period - Charlie McAvoy is hit by Cal Clutterbuck and loses puck.
18:47 of 1st period - Snap shot by Morgan Frost.
18:47 of 1st period - Shot Misses the Net.
19:05 of 1st period - Slapshot by Morgan Frost.
19:05 of 1st period - Stopped by Leevi Merilainen without a rebound.
19:06 of 1st period - Bo Horvat wins face-off versus Joe Veleno in Boston Bruins zone.
19:07 of 1st period - Snap shot by Barrett Hayton.
19:07 of 1st period - Shot Misses the Net.
19:15 of 1st period - Wrist shot by John-Jason Peterka.
19:15 of 1st period - Deflect By Joe Veleno.
19:15 of 1st period - Deflect By Jaden Schwartz.
19:15 of 1st period - Shot Misses the Net.
19:15 of 1st period - Puck is out of play.
19:16 of 1st period - Joe Veleno wins face-off versus Bo Horvat in Chicago Black Hawks zone.
19:19 of 1st period - Wrist shot by John-Jason Peterka.
19:19 of 1st period - Shot Misses the Net.
19:21 of 1st period - Snap shot by John-Jason Peterka.
19:21 of 1st period - Stopped by Thatcher Demko with a rebound.
19:23 of 1st period - Wrist shot by Joe Veleno.
19:23 of 1st period - Shot Misses the Net.
19:25 of 1st period - Snap shot by Joe Veleno.
19:25 of 1st period - Deflect By Bo Horvat.
19:25 of 1st period - Shot Misses the Net.
19:25 of 1st period - Puck is out of play.
19:26 of 1st period - Patrice Bergeron wins face-off versus Nicholas Merkley in Chicago Black Hawks zone.
19:35 of 1st period - Snap shot by Patrice Bergeron.
19:35 of 1st period - Stopped by Leevi Merilainen with a rebound.
19:37 of 1st period - Wrist shot by Patrice Bergeron.
19:37 of 1st period - Shot Blocked by John-Jason Peterka.
19:39 of 1st period - Slapshot by Seth Jones.
19:39 of 1st period - Stopped by Leevi Merilainen without a rebound.
19:40 of 1st period - Ryan Donato wins face-off versus Bo Horvat in Boston Bruins zone.
Goals for this period are 0 for Boston Bruins vs 1 for Chicago Black Hawks.
Shots for this period are 7 for Boston Bruins vs 13 for Chicago Black Hawks.
2nd period
0:01 of 2nd period - Joe Veleno wins face-off versus Patrice Bergeron in neutral zone.
0:15 of 2nd period - Vincent Trocheck is hit by Tyson Barrie and loses puck.
0:26 of 2nd period - Charlie McAvoy is hit by Bo Horvat.
0:30 of 2nd period - Anthony Beauvillier is hit by Bo Horvat and loses puck.
0:57 of 2nd period - Slapshot by Morgan Rielly.
0:57 of 2nd period - Stopped by Leevi Merilainen without a rebound.
0:58 of 2nd period - Patrice Bergeron wins face-off versus Joe Veleno in Boston Bruins zone.
0:59 of 2nd period - Snap shot by Vincent Trocheck.
0:59 of 2nd period - Goal by Vincent Trocheck - Boston Bruins : 0 - Chicago Black Hawks : 2.
1:00 of 2nd period - Joe Veleno wins face-off versus Patrice Bergeron in neutral zone.
1:13 of 2nd period - Wrist shot by Kevin Fiala.
1:13 of 2nd period - Shot Misses the Net.
1:15 of 2nd period - Snap shot by Patrice Bergeron.
1:15 of 2nd period - Goal by Patrice Bergeron - Boston Bruins : 0 - Chicago Black Hawks : 3.
1:16 of 2nd period - Joe Veleno wins face-off versus Bo Horvat in neutral zone.
1:18 of 2nd period - Off-side.
1:19 of 2nd period - Bo Horvat wins face-off versus Joe Veleno in neutral zone.
1:54 of 2nd period - Snap shot by Kevin Fiala.
1:54 of 2nd period - Stopped by Leevi Merilainen without a rebound.
1:55 of 2nd period - Patrice Bergeron wins face-off versus Ryan Donato in Boston Bruins zone.
2:27 of 2nd period - Snap shot by Anthony Beauvillier.
2:27 of 2nd period - Shot Misses the Net.
2:35 of 2nd period - Tyson Barrie is hit by Bo Horvat and loses puck.
2:50 of 2nd period - Snap shot by Morgan Frost.
2:50 of 2nd period - Shot Misses the Net.
3:11 of 2nd period - Off-side.
3:12 of 2nd period - Kevin Fiala wins face-off versus Joe Veleno in neutral zone.
3:24 of 2nd period - Wrist shot by John-Jason Peterka.
3:24 of 2nd period - Stopped by Thatcher Demko with a rebound.
3:26 of 2nd period - Wrist shot by Nicholas Merkley.
3:26 of 2nd period - Stopped by Thatcher Demko with a rebound.
3:28 of 2nd period - Slapshot by Victor Mete.
3:28 of 2nd period - Deflect By Kevin Fiala.
3:28 of 2nd period - Stopped by Thatcher Demko with a rebound.
3:30 of 2nd period - Wrist shot by Joe Veleno.
3:30 of 2nd period - Shot Misses the Net.
3:32 of 2nd period - Snap shot by John-Jason Peterka.
3:32 of 2nd period - Deflect By Joe Veleno.
3:32 of 2nd period - Shot Blocked by Travis Sanheim.
3:32 of 2nd period - Puck is out of play.
3:33 of 2nd period - Bo Horvat wins face-off versus Joel Farabee in Chicago Black Hawks zone.
3:38 of 2nd period - Slapshot by Seth Jones.
3:38 of 2nd period - Stopped by Leevi Merilainen with a rebound.
3:54 of 2nd period - Minor Penalty to Brent Burns for Holding.
3:55 of 2nd period - Frederick Gaudreau wins face-off versus Pavel Zacha in Chicago Black Hawks zone.
4:10 of 2nd period - Minor Penalty to Brandon Hagel for Holding.
4:11 of 2nd period - Vincent Trocheck wins face-off versus John-Jason Peterka in Boston Bruins zone.
4:14 of 2nd period - Wrist shot by Morgan Frost.
4:14 of 2nd period - Stopped by Leevi Merilainen without a rebound.
4:15 of 2nd period - Vincent Trocheck wins face-off versus John-Jason Peterka in Boston Bruins zone.
4:22 of 2nd period - Slapshot by Tyson Barrie.
4:22 of 2nd period - Shot Misses the Net.
4:24 of 2nd period - Slapshot by Tyson Barrie.
4:24 of 2nd period - Stopped by Thatcher Demko with a rebound.
4:26 of 2nd period - Slapshot by Tyson Barrie.
4:26 of 2nd period - Stopped by Thatcher Demko without a rebound.
4:27 of 2nd period - Barrett Hayton wins face-off versus Anthony Beauvillier in Chicago Black Hawks zone.
4:57 of 2nd period - Vincent Trocheck is hit by John-Jason Peterka and loses puck.
5:06 of 2nd period - Samuel Girard is hit by Devon Toews and loses puck.
5:54 of 2nd period - Penalty to Brent Burns is over, Brent Burns is back on ice.
5:56 of 2nd period - Slapshot by Charlie McAvoy.
5:56 of 2nd period - Deflect By Joe Veleno.
5:56 of 2nd period - Deflect By Kevin Fiala.
5:56 of 2nd period - Stopped by Thatcher Demko without a rebound.
5:57 of 2nd period - Patrice Bergeron wins face-off versus Nicholas Merkley in Chicago Black Hawks zone.
6:10 of 2nd period - Penalty to Brandon Hagel is over, Brandon Hagel is back on ice.
6:44 of 2nd period - Slapshot by Matt Grzelcyk.
6:44 of 2nd period - Stopped by Thatcher Demko without a rebound.
6:45 of 2nd period - Pavel Zacha wins face-off versus Morgan Frost in Chicago Black Hawks zone.
6:46 of 2nd period - Snap shot by Anthony Beauvillier.
6:46 of 2nd period - Stopped by Thatcher Demko with a rebound.
7:10 of 2nd period - Devon Toews is hit by Sean Durzi and loses puck.
7:30 of 2nd period - Off-side.
7:31 of 2nd period - Joe Veleno wins face-off versus Kevin Fiala in neutral zone.
7:45 of 2nd period - Snap shot by John-Jason Peterka.
7:45 of 2nd period - Stopped by Thatcher Demko without a rebound.
7:46 of 2nd period - Bo Horvat wins face-off versus Pavel Zacha in Chicago Black Hawks zone.
7:51 of 2nd period - Anthony Beauvillier is hit by Barrett Hayton and loses puck.
8:04 of 2nd period - Matt Grzelcyk is hit by Barrett Hayton and loses puck.
8:29 of 2nd period - Patrice Bergeron is hit by Tyson Barrie and loses puck.
8:40 of 2nd period - Snap shot by Morgan Frost.
8:40 of 2nd period - Shot Misses the Net.
9:02 of 2nd period - Slapshot by Charlie McAvoy.
9:02 of 2nd period - Stopped by Thatcher Demko with a rebound.
9:22 of 2nd period - Wrist shot by Anthony Beauvillier.
9:22 of 2nd period - Deflect By Brandon Hagel.
9:22 of 2nd period - Shot Misses the Net.
9:22 of 2nd period - Puck is out of play.
9:23 of 2nd period - Bo Horvat wins face-off versus Pavel Zacha in Chicago Black Hawks zone.
9:29 of 2nd period - Travis Sanheim is hit by Brandon Hagel and loses puck.
9:48 of 2nd period - Joel Farabee is hit by Vincent Trocheck and loses puck.
9:59 of 2nd period - Wrist shot by Kevin Fiala.
9:59 of 2nd period - Shot Blocked by Sean Durzi.
11:24 of 2nd period - Brent Burns is hit by Nicholas Merkley and loses puck.
11:39 of 2nd period - Slapshot by Phil Kessel.
11:39 of 2nd period - Shot Blocked by Morgan Frost.
11:41 of 2nd period - Slapshot by Matt Grzelcyk.
11:41 of 2nd period - Stopped by Thatcher Demko without a rebound.
11:42 of 2nd period - Bo Horvat wins face-off versus Ryan Donato in Chicago Black Hawks zone.
11:55 of 2nd period - Wrist shot by Barrett Hayton.
11:55 of 2nd period - Stopped by Leevi Merilainen without a rebound.
11:56 of 2nd period - Pavel Zacha wins face-off versus Patrice Bergeron in Boston Bruins zone.
12:04 of 2nd period - Minor Penalty to Kevin Fiala for Interference.
12:05 of 2nd period - Cal Clutterbuck wins face-off versus Ryan Donato in Chicago Black Hawks zone.
12:05 of 2nd period - Cal Clutterbuck is hit by Ryan Donato.
12:30 of 2nd period - Brandon Hagel is hit by Seth Jones and loses puck.
14:04 of 2nd period - Penalty to Kevin Fiala is over, Kevin Fiala is back on ice.
14:07 of 2nd period - Off-side.
14:08 of 2nd period - Bo Horvat wins face-off versus Joe Veleno in neutral zone.
14:20 of 2nd period - Icing by Matt Grzelcyk.
14:21 of 2nd period - Patrice Bergeron wins face-off versus Joe Veleno in Boston Bruins zone.
14:40 of 2nd period - Christopher Tanev is hit by Joe Veleno and loses puck.
15:11 of 2nd period - Snap shot by Nicholas Merkley.
15:11 of 2nd period - Shot Misses the Net.
15:13 of 2nd period - Slapshot by Matt Grzelcyk.
15:13 of 2nd period - Shot Blocked by Travis Sanheim.
15:17 of 2nd period - Snap shot by John-Jason Peterka.
15:17 of 2nd period - Stopped by Thatcher Demko without a rebound.
15:18 of 2nd period - Bo Horvat wins face-off versus Pavel Zacha in Chicago Black Hawks zone.
15:50 of 2nd period - Slapshot by Sean Durzi.
15:50 of 2nd period - Deflect By Mathieu Olivier.
15:50 of 2nd period - Stopped by Thatcher Demko with a rebound.
15:52 of 2nd period - Slapshot by Samuel Girard.
15:52 of 2nd period - Goal by Samuel Girard - Boston Bruins : 1 - Chicago Black Hawks : 3.
15:53 of 2nd period - Bo Horvat wins face-off versus Pavel Zacha in neutral zone.
15:56 of 2nd period - Slapshot by Morgan Rielly.
15:56 of 2nd period - Shot Blocked by Charlie McAvoy.
15:58 of 2nd period - Slapshot by Devon Toews.
15:58 of 2nd period - Stopped by Leevi Merilainen with a rebound.
16:04 of 2nd period - Backhand shot by Jaden Schwartz.
16:04 of 2nd period - Deflect By Charlie McAvoy.
16:04 of 2nd period - Shot Blocked by Anthony Beauvillier.
16:04 of 2nd period - Puck is out of play.
16:05 of 2nd period - Kevin Fiala wins face-off versus Ryan Donato in Boston Bruins zone.
16:37 of 2nd period - Cal Clutterbuck is hit by Samuel Girard and loses puck.
16:52 of 2nd period - Sean Durzi is hit by Brent Burns.
17:00 of 2nd period - Slapshot by Seth Jones.
17:00 of 2nd period - Shot Blocked by Nicholas Merkley.
17:02 of 2nd period - Slapshot by Seth Jones.
17:02 of 2nd period - Stopped by Leevi Merilainen with a rebound.
17:04 of 2nd period - Wrist shot by Jaden Schwartz.
17:04 of 2nd period - Shot Misses the Net.
17:33 of 2nd period - Samuel Girard is hit by Devon Toews and loses puck.
17:44 of 2nd period - Kevin Fiala is hit by Samuel Girard and loses puck.
17:55 of 2nd period - Christopher Tanev is hit by Anthony Beauvillier.
18:03 of 2nd period - Wrist shot by Morgan Frost.
18:03 of 2nd period - Shot Blocked by Tyson Barrie.
18:41 of 2nd period - Matt Grzelcyk is hit by Cole Perfetti and loses puck.
18:58 of 2nd period - Ryan Donato is hit by Vincent Trocheck and loses puck.
19:20 of 2nd period - Snap shot by Morgan Frost.
19:20 of 2nd period - Goal by Morgan Frost - Boston Bruins : 1 - Chicago Black Hawks : 4.
19:21 of 2nd period - Bo Horvat wins face-off versus Pavel Zacha in neutral zone.
19:24 of 2nd period - Snap shot by Morgan Rielly.
19:24 of 2nd period - Deflect By Bo Horvat.
19:24 of 2nd period - Shot Blocked by Anthony Beauvillier.
19:24 of 2nd period - Puck is out of play.
19:25 of 2nd period - Bo Horvat wins face-off versus Pavel Zacha in Boston Bruins zone.
19:30 of 2nd period - Snap shot by Bo Horvat.
19:30 of 2nd period - Shot Misses the Net.
19:32 of 2nd period - Snap shot by Morgan Rielly.
19:32 of 2nd period - Deflect By Bo Horvat.
19:32 of 2nd period - Goal by Bo Horvat - Boston Bruins : 1 - Chicago Black Hawks : 5.
19:33 of 2nd period - Ryan Donato wins face-off versus Morgan Frost in neutral zone.
19:40 of 2nd period - Wrist shot by Morgan Frost.
19:40 of 2nd period - Stopped by Leevi Merilainen with a rebound.
19:42 of 2nd period - Wrist shot by Morgan Frost.
19:42 of 2nd period - Stopped by Leevi Merilainen with a rebound.
Goals for this period are 1 for Boston Bruins vs 4 for Chicago Black Hawks.
Shots for this period are 14 for Boston Bruins vs 13 for Chicago Black Hawks.
3rd period
0:01 of 3rd period - Patrice Bergeron wins face-off versus Pavel Zacha in neutral zone.
1:06 of 3rd period - Off-side.
1:07 of 3rd period - Cole Perfetti wins face-off versus Dylan Gambrell in neutral zone.
1:16 of 3rd period - Wrist shot by Shane Pinto.
1:16 of 3rd period - Shot Misses the Net.
1:20 of 3rd period - Wrist shot by Cole Perfetti.
1:20 of 3rd period - Shot Misses the Net.
1:22 of 3rd period - Snap shot by Frederick Gaudreau.
1:22 of 3rd period - Stopped by Leevi Merilainen with a rebound.
1:32 of 3rd period - Matt Grzelcyk is hit by Jaden Schwartz and loses puck.
1:37 of 3rd period - Snap shot by Barrett Hayton.
1:37 of 3rd period - Shot Misses the Net.
1:51 of 3rd period - Minor Penalty to Mathieu Olivier for Hooking.
1:52 of 3rd period - Anthony Beauvillier wins face-off versus Kevin Fiala in Boston Bruins zone.
2:03 of 3rd period - Slapshot by Vincent Trocheck.
2:03 of 3rd period - Stopped by Leevi Merilainen with a rebound.
2:19 of 3rd period - Anthony Beauvillier is hit by Travis Sanheim and loses puck.
3:51 of 3rd period - Penalty to Mathieu Olivier is over, Mathieu Olivier is back on ice.
3:58 of 3rd period - Snap shot by John-Jason Peterka.
3:58 of 3rd period - Deflect By Michael Rasmussen.
3:58 of 3rd period - Shot Blocked by Travis Sanheim.
3:58 of 3rd period - Puck is out of play.
3:59 of 3rd period - Morgan Frost wins face-off versus Joe Veleno in Chicago Black Hawks zone.
5:24 of 3rd period - Minor Penalty to Tyson Barrie for Hooking.
5:25 of 3rd period - Phil Kessel wins face-off versus Bo Horvat in Boston Bruins zone.
5:25 of 3rd period - Phil Kessel is hit by Kevin Fiala.
5:30 of 3rd period - Slapshot by Kevin Fiala.
5:30 of 3rd period - Shot Misses the Net.
5:32 of 3rd period - Slapshot by Seth Jones.
5:32 of 3rd period - Shot Misses the Net.
5:34 of 3rd period - Slapshot by Brent Burns.
5:34 of 3rd period - Goal by Brent Burns - Boston Bruins : 1 - Chicago Black Hawks : 6.
5:35 of 3rd period - Patrice Bergeron wins face-off versus Anthony Beauvillier in neutral zone.
6:12 of 3rd period - Wrist shot by Nicholas Merkley.
6:12 of 3rd period - Stopped by Thatcher Demko with a rebound.
6:14 of 3rd period - Slapshot by Sean Durzi.
6:14 of 3rd period - Shot Misses the Net.
7:49 of 3rd period - Slapshot by Jaden Schwartz.
7:49 of 3rd period - Shot Misses the Net.
7:56 of 3rd period - Minor Penalty to Joonas Donskoi for Hooking.
7:57 of 3rd period - Anthony Beauvillier wins face-off versus Patrice Bergeron in Boston Bruins zone.
8:07 of 3rd period - Snap shot by Anthony Beauvillier.
8:07 of 3rd period - Shot Misses the Net.
8:13 of 3rd period - Wrist shot by Phil Kessel.
8:13 of 3rd period - Shot Misses the Net.
9:56 of 3rd period - Penalty to Joonas Donskoi is over, Joonas Donskoi is back on ice.
10:08 of 3rd period - Samuel Girard is hit by Michael Rasmussen and loses puck.
10:25 of 3rd period - Snap shot by Morgan Frost.
10:25 of 3rd period - Shot Misses the Net.
10:27 of 3rd period - Snap shot by Brent Burns.
10:27 of 3rd period - Shot Misses the Net.
10:39 of 3rd period - Wrist shot by Phil Kessel.
10:39 of 3rd period - Deflect By Joel Farabee.
10:39 of 3rd period - Stopped by Thatcher Demko without a rebound.
10:40 of 3rd period - Ryan Donato wins face-off versus Frederick Gaudreau in Chicago Black Hawks zone.
10:49 of 3rd period - Wrist shot by Phil Kessel.
10:49 of 3rd period - Stopped by Thatcher Demko with a rebound.
10:51 of 3rd period - Slapshot by Victor Mete.
10:51 of 3rd period - Shot Misses the Net.
12:04 of 3rd period - Icing by Morgan Rielly.
12:05 of 3rd period - Morgan Frost wins face-off versus Pavel Zacha in Chicago Black Hawks zone.
12:33 of 3rd period - Slapshot by Morgan Rielly.
12:33 of 3rd period - Stopped by Leevi Merilainen without a rebound.
12:34 of 3rd period - Bo Horvat wins face-off versus Ryan Donato in Boston Bruins zone.
12:37 of 3rd period - Wrist shot by Bo Horvat.
12:37 of 3rd period - Shot Misses the Net.
12:49 of 3rd period - Slapshot by Joel Farabee.
12:49 of 3rd period - Shot Blocked by Jaden Schwartz.
12:59 of 3rd period - Barrett Hayton is hit by Dylan Gambrell and loses puck.
13:04 of 3rd period - Slapshot by Charlie McAvoy.
13:04 of 3rd period - Shot Misses the Net.
13:06 of 3rd period - Snap shot by Mathieu Olivier.
13:06 of 3rd period - Shot Misses the Net.
13:08 of 3rd period - Slapshot by Tyson Barrie.
13:08 of 3rd period - Stopped by Thatcher Demko with a rebound.
13:12 of 3rd period - Backhand shot by Tyson Barrie.
13:12 of 3rd period - Shot Blocked by Jaden Schwartz.
13:43 of 3rd period - Wrist shot by Shane Pinto.
13:43 of 3rd period - Shot Misses the Net.
13:51 of 3rd period - Slapshot by Charlie McAvoy.
13:51 of 3rd period - Shot Misses the Net.
13:53 of 3rd period - Slapshot by Charlie McAvoy.
13:53 of 3rd period - Stopped by Thatcher Demko with a rebound.
14:01 of 3rd period - Snap shot by Anthony Beauvillier.
14:01 of 3rd period - Stopped by Thatcher Demko with a rebound.
14:03 of 3rd period - Slapshot by Charlie McAvoy.
14:03 of 3rd period - Stopped by Thatcher Demko with a rebound.
14:15 of 3rd period - Snap shot by Brandon Hagel.
14:15 of 3rd period - Shot Blocked by Travis Sanheim.
14:25 of 3rd period - Slapshot by Brandon Hagel.
14:25 of 3rd period - Stopped by Thatcher Demko with a rebound.
14:43 of 3rd period - Wrist shot by Pavel Zacha.
14:43 of 3rd period - Stopped by Thatcher Demko with a rebound.
14:45 of 3rd period - Slapshot by Charlie McAvoy.
14:45 of 3rd period - Shot Misses the Net.
15:21 of 3rd period - Snap shot by Brandon Hagel.
15:21 of 3rd period - Stopped by Thatcher Demko without a rebound.
15:22 of 3rd period - Ryan Donato wins face-off versus Patrice Bergeron in Chicago Black Hawks zone.
15:29 of 3rd period - Slapshot by Kevin Fiala.
15:29 of 3rd period - Deflect By Vincent Trocheck.
15:29 of 3rd period - Stopped by Leevi Merilainen without a rebound.
15:30 of 3rd period - Patrice Bergeron wins face-off versus Ryan Donato in Boston Bruins zone.
16:15 of 3rd period - Patrice Bergeron is hit by Joel Farabee and loses puck.
16:30 of 3rd period - Wrist shot by Ryan Donato.
16:30 of 3rd period - Stopped by Thatcher Demko with a rebound.
16:40 of 3rd period - Wrist shot by Patrice Bergeron.
16:40 of 3rd period - Shot Blocked by Joel Farabee.
16:42 of 3rd period - Wrist shot by Vincent Trocheck.
16:42 of 3rd period - Shot Blocked by Phil Kessel.
16:44 of 3rd period - Slapshot by Seth Jones.
16:44 of 3rd period - Shot Misses the Net.
16:48 of 3rd period - Snap shot by Patrice Bergeron.
16:48 of 3rd period - Stopped by Leevi Merilainen with a rebound.
16:50 of 3rd period - Slapshot by Brent Burns.
16:50 of 3rd period - Stopped by Leevi Merilainen with a rebound.
16:52 of 3rd period - Wrist shot by Vincent Trocheck.
16:52 of 3rd period - Shot Blocked by Sean Durzi.
16:54 of 3rd period - Wrist shot by Vincent Trocheck.
16:54 of 3rd period - Stopped by Leevi Merilainen with a rebound.
17:22 of 3rd period - Wrist shot by Samuel Girard.
17:22 of 3rd period - Stopped by Thatcher Demko with a rebound.
17:55 of 3rd period - Snap shot by Patrice Bergeron.
17:55 of 3rd period - Shot Blocked by Sean Durzi.
17:57 of 3rd period - Wrist shot by Vincent Trocheck.
17:57 of 3rd period - Stopped by Leevi Merilainen with a rebound.
17:59 of 3rd period - Slapshot by Brent Burns.
17:59 of 3rd period - Stopped by Leevi Merilainen with a rebound.
18:01 of 3rd period - Snap shot by Kevin Fiala.
18:01 of 3rd period - Shot Misses the Net.
18:03 of 3rd period - Snap shot by Kevin Fiala.
18:03 of 3rd period - Deflect By Patrice Bergeron.
18:03 of 3rd period - Stopped by Leevi Merilainen without a rebound.
18:04 of 3rd period - Bo Horvat wins face-off versus Joe Veleno in Boston Bruins zone.
18:36 of 3rd period - Snap shot by Morgan Frost.
18:36 of 3rd period - Stopped by Leevi Merilainen with a rebound.
18:38 of 3rd period - Snap shot by Michael Rasmussen.
18:38 of 3rd period - Stopped by Leevi Merilainen without a rebound.
18:39 of 3rd period - Pavel Zacha wins face-off versus Michael Rasmussen in Boston Bruins zone.
18:46 of 3rd period - Snap shot by Morgan Frost.
18:46 of 3rd period - Shot Blocked by Tyson Barrie.
18:48 of 3rd period - Wrist shot by Morgan Frost.
18:48 of 3rd period - Stopped by Leevi Merilainen with a rebound.
18:50 of 3rd period - Snap shot by Travis Sanheim.
18:50 of 3rd period - Stopped by Leevi Merilainen without a rebound.
18:51 of 3rd period - Joe Veleno wins face-off versus Bo Horvat in Boston Bruins zone.
19:00 of 3rd period - Snap shot by Nicholas Merkley.
19:00 of 3rd period - Stopped by Thatcher Demko without a rebound.
19:01 of 3rd period - Bo Horvat wins face-off versus John-Jason Peterka in Chicago Black Hawks zone.
19:06 of 3rd period - Wrist shot by Joe Veleno.
19:06 of 3rd period - Stopped by Thatcher Demko with a rebound.
19:54 of 3rd period - Snap shot by Bo Horvat.
19:54 of 3rd period - Stopped by Leevi Merilainen with a rebound.
19:56 of 3rd period - Slapshot by Devon Toews.
19:56 of 3rd period - Shot Misses the Net.
19:58 of 3rd period - Wrist shot by Barrett Hayton.
19:58 of 3rd period - Stopped by Leevi Merilainen with a rebound.
Goals for this period are 0 for Boston Bruins vs 1 for Chicago Black Hawks.
Shots for this period are 14 for Boston Bruins vs 17 for Chicago Black Hawks.
Back to the Top